cohdb
Replays
Latest Replays
All Replays
Popular Replays
Top Player Replays
Match Explorer
How It Works
Community
CoH3 Stats
Reddit
Sign in to upload your games and track your stats! →
Sign in with Steam
Match 41942622
Unlisted
Match 41942622
Overview
Messages
Build Orders
End
Selects Luftwaffe Battlegroup
Selects Luftwaffe Pioneer Support
Fallschirmpioneer Squad Paradrop
Construct Infanterie Kompanie
MG 42 Machine Gun Team
MG 42 Machine Gun Team
MG 42 Bunker
Medical Station
Construct Luftwaffe Kompanie
Selects Stuka Strafing Run
Stuka Strafing Run
Jäger Squad
Support Elements
Selects Fallschirmjäger Squad Paradrop
Stuka Strafing Run
Jäger Squad
Wirbelwind Flakpanzer
Stuka Strafing Run
Luftwaffe Officer Quarters
Side Skirts
Selects Stuka Loiter
Jäger Squad
Stuka Strafing Run
Jäger Squad
Wirbelwind Flakpanzer
Stuka Strafing Run
Marder III M Tank Destroyer
Pioneer Squad
Stuka Strafing Run
Marder III M Tank Destroyer
Selects LG40 Recoilless Gun Paradrop
Repair Bunker
GrW 34 Mortar Team
Stuka Strafing Run
Marder III M Tank Destroyer
Stuka Strafing Run
Wirbelwind Flakpanzer
Selects Infantry Reserves
Jäger Squad
Stuka Loiter
Stuka Strafing Run
SnakeEyes
SgtSlaughter
Guru
Karl Müller
0
0
Comments
sign in to comment!
No comments posted yet!